 Dungeon Crawl Stone Soup version 0.20.1-2-g1830e616b0 (webtiles) character file.

204 Alfie the Shooter (level 6, 0/46 HPs)
             Began as a Human Hunter on Feb 4, 2020.
             Succumbed to a worker ant's poison
             ... on level 4 of the Dungeon.
             The game lasted 00:10:45 (2422 turns).

Alfie the Shooter (Human Hunter)                    Turns: 2422, Time: 00:10:46

Health: 0/46       AC:  3    Str: 19    XL:     6   Next: 9%
Magic:  6/6        EV: 12    Int: 17    God:
Gold:   268        SH:  0    Dex: 13    Spells: 5/5 levels left

rFire    + . .     SeeInvis .   a - +2 shortbow
rCold    + . .     Gourm    .   (shield currently unavailable)
rNeg     . . .     Faith    .   c - +0 leather armour
rPois    +         Spirit   .   (no helmet)
rElec    +         Reflect  .   (no cloak)
rCorr    +         Harm     .   (no gloves)
MR       .....                  (no boots)
Stlth    +.........             (no amulet)
Regen    0.2/turn               (no ring)
MPRegen  0.1/turn               (no ring)

@: mighty, brilliant, lethally poisoned (0 -> -10), about to teleport,
resistant, flying
A: no striking features
a: no special abilities


You were on level 4 of the Dungeon.
You were not hungry.

You visited 1 branch of the dungeon, and saw 4 of its levels.

You collected 268 gold pieces.

Inventory:

Hand Weapons
 a - a +2 shortbow (weapon)
 b - a +1 short sword
Missiles
 d - an arrow (quivered)
 h - 17 poisoned needles
 s - 7 tomahawks
Armour
 c - a +0 leather armour (worn)
Scrolls
 e - 4 scrolls of identify
 g - 5 scrolls of remove curse
 i - a scroll of teleportation
Potions
 p - a potion of might
Comestibles
 f - 4 bread rations
 k - a meat ration
 l - 8 fruits
 m - 3 royal jellies


   Skills:
 + Level 2.8 Fighting
 + Level 6.0 Bows
 + Level 1.8 Armour
 + Level 2.3 Dodging
 + Level 1.0 Stealth


You had 5 spell levels left.
You didn't know any spells.

Dungeon Overview and Level Annotations

Branches:
Dungeon (4/15)
 Temple: D:4-7

Altars:
Ashenzari
Dithmenos
Uskayaw
Zin

Shops:
D:4 }


Message History

Aim: a worker ant (moderately wounded)
You shoot an arrow.
The arrow hits the worker ant but does no damage.
The worker ant is moderately wounded.
The worker ant bites you.
* * * LOW HITPOINT WARNING * * *
You are more poisoned.
The worker ant poisons you!
Unknown command.
Unknown command.
It was a potion of magic.
Magic courses through your body.
* * * LOW HITPOINT WARNING * * *
You feel sick.
The worker ant bites you but does no damage.
As you read the scroll of teleportation, it crumbles to dust.
You feel strangely unstable.
* * * LOW HITPOINT WARNING * * *
You feel sick. The worker ant closely misses you.
A dart slug comes into view.
You die...

######################
#()a.@................
#w####################
#(# #a. ... .... .....
...#'#


You could see a worker ant and a dart slug.

Vanquished Creatures
  A hound (D:4)
  An iguana (D:4)
  4 gnolls (D:4)
  2 adders
  A worm (D:2)
  4 dart slugs
  4 orcs (D:4)
  8 bats
  A giant cockroach (D:3)
  9 goblins
  9 hobgoblins
  8 jackals
  3 kobolds
  2 quokkas
  3 ball pythons
  5 frilled lizards
  15 rats
80 creatures vanquished.

Notes
Turn   | Place    | Note
-------+----------+-------------------------------------------
     0 | D:1      | Alfie the Human Hunter began the quest for the Orb.
     0 | D:1      | Reached XP level 1. HP: 16/16 MP: 1/1
    41 | D:1      | Reached XP level 2. HP: 22/22 MP: 2/2
   458 | D:1      | Reached XP level 3. HP: 28/28 MP: 3/3
   907 | D:2      | Reached XP level 4. HP: 28/34 MP: 4/4
  1021 | D:2      | Reached skill level 5 in Bows
  1583 | D:3      | Reached skill level 1 in Armour
  2112 | D:4      | Reached XP level 5. HP: 39/39 MP: 5/5
  2163 | D:4      | Reached XP level 6. HP: 31/46 MP: 6/6
  2183 | D:4      | Found a shattered altar of Ashenzari.
  2183 | D:4      | Found Asecs's Gadget Shop.
  2263 | D:4      | Found a glowing silver altar of Zin.
  2265 | D:4      | Found a shadowy altar of Dithmenos.
  2274 | D:4      | Found a hide-covered altar of Uskayaw.
  2387 | D:4      | Reached skill level 6 in Bows
  2420 | D:4      | HP: 2/46 [poisoned by a worker ant]
  2422 | D:4      | Succumbed to a worker ant's poison

Skill      XL: |  1  2  3  4  5  6 |
---------------+-------------------+-----
Bows           | 5 6 |  6.0
Armour         | 1 |  1.8
Fighting       | |  2.8
Dodging        | |  2.3
Stealth        | |  1.0

Action                   |  1- 3 |  4- 6 || total
-------------------------+-------+-------++-------
 Fire: Shortbow          |    68 |   121 ||   189
  Use: Scroll            |     2 |     7 ||     9
       Potion            |       |     6 ||     6
  Eat: Royal jelly       |       |     2 ||     2
Armor: Leather armour    |     6 |    12 ||    18
Dodge: Dodged            |    27 |    31 ||    58
